 Dungeon Crawl Stone Soup version 0.27.0-1-g7a089689b8 (webtiles) character file.

Game seed: 7678761817039199565

136 Anothat the Magician (level 5, -2/35 HPs)
             Began as a Djinni Conjurer on Aug 8, 2021.
             Killed by divine providence
             ... invoked by an orc priest
              (11 damage)
             ... on level 3 of the Dungeon.
             The game lasted 00:04:58 (2709 turns).

Anothat the Magician (Djinni Conjurer)              Turns: 2709, Time: 00:04:59

Health: -2/35      AC:  2    Str:  6    XL:     5   Next: 43%
Gold:   64         EV: 13    Int: 21    God:
                   SH:  0    Dex: 11

rFire    + + .     SeeInvis .   d - +0 hand axe (elec)
rCold    x . .     Faith    .   (no shield)
rNeg     . . .     Spirit   .   a - +0 robe
rPois    ∞         Reflect  .   (no helmet)
rElec    .         Harm     .   (no cloak)
rCorr    .         Rampage  .   (no gloves)
Will     +....                  (boots unavailable)
Stlth    ++........             (no amulet)
HPRegen  0.11/turn              f - ring of willpower
MPRegen  0.00/turn              (no ring)

@: flying
A: sickness immunity, fire resistance 2, cold vulnerability 1, float, innate
caster, hp casting, extra vitality 1
a: no special abilities


You were on level 3 of the Dungeon.
You visited 1 branch of the dungeon, and saw 3 of its levels.

You collected 64 gold pieces.

Inventory:

Hand Weapons
 d - a +0 hand axe of electrocution (weapon)
Armour
 a - a +0 robe (worn)
Magical Staves
 k - a staff of air
Jewellery
 f - a ring of willpower (left hand)
Scrolls
 b - a scroll of immolation {unknown}
 h - a scroll of holy word {unknown}
 i - 2 scrolls of identify {unknown}
Potions
 c - a potion of curing
 e - a potion of brilliance {unknown}
 g - 2 potions of mutation {unknown}
 j - a potion of resistance {unknown}


   Skills:
 + Level 3.7 Dodging
 - Level 1.8 Stealth
 * Level 4.4 Spellcasting


You couldn't memorise any spells.
You knew the following spells:

 Your Spells              Type           Power      Damage    Failure   Level
a - Magic Dart            Conj           92%        1d7       1%          1
b - Searing Ray           Conj           46%        3d4       2%          2
c - Dazzling Flash        Conj/Hex       46%        N/A       5%          3
d - Fulminant Prism       Conj/Hex       11%        3d9       19%         4
e - Iskenderun's Mystic   Conj/Tloc      23%        2d6       19%         4
f - Corona                Hex            25%        N/A       1%          1
g - Wereblood             Tmut           23%        N/A       2%          2
Your spell library was empty.

Dungeon Overview and Level Annotations

Branches:
Dungeon (3/15)

Altars:
Beogh

Shops:
D:1 ?*   D:2 :[?


Innate Abilities, Weirdness & Mutations

You are immune to sickness and miasma.
You are immune to poison.
Your flesh is very heat resistant. (rF++)
You are vulnerable to cold. (rC-)
You float through the air rather than walking.
You learn spells naturally, not from books.
Your magical power is your life essence.
You have superior vitality. (+4 HP)


Message History

You kill the orc priest!
The searing ray misses the orc priest.
The searing ray hits the orc priest!
The orc priest is heavily wounded.
You finish channeling your searing ray.
The orc priest begins to cast a cantrip, but forgets the words!
Casting: Searing Ray (safe; 2% risk of failure)
Confirm with . or Enter, or press ? or * to list all spells.
Aiming: Searing Ray (safe; 2% risk of failure)
Press: ? - help, Shift-Dir - straight line, f - orc priest
Aim: an orc priest, wielding a +0 club (heavily wounded, 78% to hit)
You miscast Searing Ray.
You are very lightly contaminated with residual magic.
Nothing appears to happen.
The orc priest hits you with a +0 club.
The orc priest calls down the wrath of Beogh upon you.
Beogh smites you!
* * * LOW HITPOINT WARNING * * *
The orc priest looks encouraged for a moment.
The orc priest hits you with a +0 club.
* * * LOW HITPOINT WARNING * * *
It was a potion of curing.
You feel better. The orc priest misses you.
You feel better.
Casting: Searing Ray (safe; 2% risk of failure)
Confirm with . or Enter, or press ? or * to list all spells.
Aiming: Searing Ray (safe; 2% risk of failure)
Press: ? - help, Shift-Dir - straight line, f - orc, p - orc priest
Aim: an orc, wielding a +0 short sword (78% to hit)
The searing ray hits the orc priest.
The orc priest is almost dead.
The searing ray hits the orc!
You kill the orc! (Press . to maintain the ray.)
The orc priest hits you with a +0 club.
* * * LOW HITPOINT WARNING * * *
Your magical contamination has completely faded away.
The searing ray misses the orc priest.
* * * LOW HITPOINT WARNING * * *
The orc priest calls down the wrath of Beogh upon you.
Beogh smites you!
You die...

...>...#......####...#
.......######...)....#
........#####....#...#
......###..$######...#
.....>.#$8$8.### #...###
.......#_o$..'o# #.....#
.......#$8$8.#)# #.....#
.......##$$o##o###.....#
.......##### #.o@......#
......## ####......#
.....## #......#
.######## #......#
........# #.######
.######.. ..# ## ### # #


You could see 2 orc priests.

Vanquished Creatures
  An orc priest (D:3)
  Terence (D:2)
  2 adders (D:2)
  2 dart slugs (D:2)
  An orc (D:3)
  2 bats (D:1)
  6 endoplasms
  2 giant cockroaches
  7 goblins
  3 hobgoblins
  7 jackals
  5 quokkas
  2 ball pythons
  5 frilled lizards
  2 kobolds (D:3)
  8 rats
56 creatures vanquished.

Notes
Turn   | Place    | Note
-------+----------+-------------------------------------------
     0 | D:1      | Anothat the Djinni Conjurer began the quest for the Orb.
     0 | D:1      | Reached XP level 1. HP: 15/15 MP: 0/0
   121 | D:1      | Found Vistragh's Magic Scroll Boutique.
   140 | D:1      | Reached XP level 2. HP: 21/21 MP: 0/0
   508 | D:1      | Reached XP level 3. HP: 22/25 MP: 0/0
   508 | D:1      | Learned a level 1 spell: Corona
   611 | D:1      | Found Dekax's Assorted Antiques.
  1218 | D:2      | Found Sofolale's Jewellery Shoppe.
  1343 | D:2      | Found Tes Bag's Antique Armour Boutique.
  1427 | D:2      | Found Izutur's Book Shoppe.
  1519 | D:2      | Reached XP level 4. HP: 28/31 MP: 0/0
  1579 | D:2      | Found a faded altar of an unknown god.
  1853 | D:2      | Found Dywkuack's Magic Scroll Shoppe.
  1960 | D:2      | Reached skill level 4 in Spellcasting
  2068 | D:2      | Noticed Terence
  2075 | D:2      | Killed Terence
  2152 | D:2      | Found Noekhisu's Antique Weapon Shop.
  2332 | D:3      | Reached XP level 5. HP: 35/35 MP: 0/0
  2332 | D:3      | Learned a level 2 spell: Wereblood
  2704 | D:3      | HP: 1/35 [orc priest (5)]
  2709 | D:3      | Killed from afar by an orc priest

Illustrated notes

Levels and vault maps discovered:
D:1:      tarquinn_simple_flora_water_e, layout_rooms, serial_shops, shop,
          nicolae_shop_behind_doors
D:2:      layout_basic, serial_shops, nicolae_shop_behind_doors, shop,
          nicolae_shop_temple_entry_statues_fountains, shop, shop,
          shapermc_ecumenical_altar_gd, uniq_terence
D:3:      layout_rooms, grunt_gozag_breadcrumbs, kennysheep_orc_chapel

Skill      XL: |  1  2  3  4 |
---------------+-------------+-----
Dodging        | 3 |  3.7
Spellcasting   | 4 |  4.4
Stealth        | |  1.8

Action                   |  1- 3 |  4- 6 || total
-------------------------+-------+-------++-------
Melee: Hand axe          |     2 |       ||     2
 Cast: Magic Dart        |    67 |    35 ||   102
       Searing Ray       |       |     4 ||     4
  Use: Potion            |       |     2 ||     2
Armor: Robe              |     1 |       ||     1
Dodge: Dodged            |     3 |     3 ||     6
